 Dungeon Crawl Stone Soup version 0.26.0-10-g1f06aea511 (webtiles) character file.

Game seed: 4621598226078433725

42 CurlyBrace the Grasshopper (level 3, -1/16 HPs)
             Began as a Felid Warper on Jan 14, 2021.
             Slain by a worm (9 damage)
             ... on level 6 of the Dungeon.
             The game lasted 00:05:05 (446 turns).

CurlyBrace the Grasshopper (Felid Warper)            Turns: 446, Time: 00:05:05

Health: -1/16      AC:  1    Str:  7    XL:     3   Next: 35%
Magic:  3/7        EV: 18    Int: 15    God:
Gold:   93         SH:  0    Dex: 15    Spells: 4/6 levels left
                                        Lives:  0   Deaths: 0

rFire    . . .     SeeInvis +     - Unarmed
rCold    . . .     Faith    .   (shield unavailable)
rNeg     . . .     Spirit   .   (armour unavailable)
rPois    .         Reflect  .   (helmet unavailable)
rElec    .         Harm     .   (cloak unavailable)
rCorr    .         Rampage  .   (gloves unavailable)
Will     .....                  (boots unavailable)
Stlth    +++.......             (no amulet)
HPRegen  0.05/turn              (no ring)
MPRegen  0.10/turn              (no ring)

@: quick
A: very small, no armour, no weapons or thrown items, stealth, claws 1, fangs 3,
see invisible, speed 1, shaggy fur 1, sharp paws
a: no special abilities


You were on level 6 of the Dungeon.
You visited 1 branch of the dungeon, and saw 6 of its levels.

You collected 93 gold pieces.

Inventory:

Scrolls
 b - a scroll of identify {unknown}
Potions
 h - a potion of haste


   Skills:
 - Level 2.0 Fighting
 - Level 3.2 Dodging
 + Level 2.7 Stealth
 * Level 3.2 Unarmed Combat
 - Level 2.0 Spellcasting
 - Level 4.4 Translocations


You had 4 spell levels left.
You knew the following spells:

 Your Spells              Type           Power        Failure   Level
a - Blink                 Tloc           N/A          5%          2

Your spell library contained the following spells:

 Spells                   Type           Power        Failure   Level
 Gell's Gravitas          Tloc           7%           11%         3
 Lesser Beckoning         Tloc           7%           11%         3
 Teleport Other           Tloc           14%          11%         3
 Passage of Golubria      Tloc           N/A          36%         4


Dungeon Overview and Level Annotations

Branches:
Dungeon (6/15)
 Temple: D:4-7

Altars:
Qazlal
Wu Jian

Shops:
D:5 (*


Innate Abilities, Weirdness & Mutations

You cannot wear armour.
You are incapable of wielding weapons or throwing items.
Your paws allow you to move quietly. (Stealth)
You have sharp claws.
You have razor-sharp teeth.
You have supernaturally acute eyesight. (SInv)
You cover ground quickly.
You are covered in fur. (AC +1)
Your sharp claws are effective at attacking unaware monsters.


Message History

You scratch the leopard gecko.
You kill the leopard gecko!
The orc throws a stone.
The stone closely misses you.
Attack: -) Teeth and claws
Press: ? - help, Dir - move target, f - you
Okay, then.
Sorry, you're not good enough to have a special ability.
The orc throws a stone.
The stone barely misses you.
The orc throws a stone.
The stone completely misses you.
You feel your willpower return.
The orc throws a stone.
The stone barely misses you.
You scratch the orc.
You kill the orc!
Items here: ( ) ? [ †.
You see here a stone.
Casting: Blink (safe; 5% risk of failure)
Confirm with . or Enter, or press ? or * to list all spells.
You blink.
The worm bites you!
Ouch! That really hurt!
You die...

#.##.......######...##*****,,*,,,
#.##.#..o......#.#*#.# *,*,,,,
#.##....##.###...# #(# *,,,,,,
#.##§#.###.# ###.###)# ***,,,,
#......###.# ##..§## *,,,*
..oo.......# ##.## *,,,*
###..#############.# *,,,*
###...#,,........w.# *,,,*
#...#.#,,,,,,,*#@..#*********,,,*
#.#...#,,...........#*,,,,,,,,,,,
.l..###,,........#......,,,,,,,,,
#.#.###,,../..##.#..##..,,,,,...,
#.#...#,,.....,...>.#**#****#...*
#..o..#,,....,*#.#*.# #...*
###.o.#**####.##.##.# #.#.*
###..## #$......# ##...# .....#
#######.#*** #.....


You could see a worm.

Vanquished Creatures
  A centaur skeleton (D:6)
  An adder (D:3)
  A leopard gecko (D:6)
  An orc (D:6)
  A bat (D:2)
5 creatures vanquished.

Notes
Turn   | Place    | Note
-------+----------+-------------------------------------------
     0 | D:1      | CurlyBrace the Felid Warper began the quest for the Orb.
     0 | D:1      | Reached XP level 1. HP: 9/9 MP: 4/4
   122 | D:3      | Reached skill level 1 in Stealth
   122 | D:3      | Reached XP level 2. HP: 5/13 MP: 6/6
   137 | D:3      | Learned a level 2 spell: Blink
   160 | D:5      | Entered Level 5 of the Dungeon
   172 | D:5      | Found Teik's General Store.
   172 | D:5      | Found Icuczi Taif's Weapon Shoppe.
   316 | D:6      | Reached XP level 3. HP: 16/16 MP: 5/7
   352 | D:6      | Found a stormy altar of Qazlal.
   352 | D:6      | Found an ornate altar of the Wu Jian Council.
   446 | D:6      | Slain by a worm

Illustrated notes

Levels and vault maps discovered:
D:1:      matt_arrival_grand_opening, layout_rooms, st_stairs_8
D:2:      layout_basic, chequers_decorated_corner, bh_walls_and_bars
D:3:      minmay_general_purpose_star, layout_basic, marbit_many_paths,
          general_overflow_altar, serial_corexii_hall, corexii_hall_statues_i,
          chequers_hall_statues_y, corexii_hall_statues_l,
          corexii_hall_statues_i, chequers_hall_statues_wall_a,
          chequers_hall_statues_corner_a, kennysheep_generic_room_6, uniq_purgy,
          uniq_ijyb
D:4:      layout_basic, minitemple, nicolae_dithmenos_shadow_blocks,
          gup_sewer_entry_bowl
D:5:      layout_loops_corners, lemuel_doored_altar, temple_statues,
          serial_shops, shop, shop, shop_statue, serial_aquarium,
          aquarium_bridge_straight [aquarium_subvault_bridge,
          aquarium_subvault_wall, aquarium_subvault_bridge,
          aquarium_subvault_wall], aquarium_window_2,
          aquarium_window_corridor_3, aquarium_view_2a, aquarium_view_2d
D:6:      layout_loops_cross, gammafunk_temple_overflow_elements

Skill      XL: |  1  2 |
---------------+-------+-----
Stealth        | 1 2 |  2.7
Unarmed Combat | 3 |  3.2
Fighting       | |  2.0
Dodging        | |  3.2
Spellcasting   | |  2.0
Translocations | |  4.4

Action                   || total
-------------------------++-------
Melee: Unarmed           ||    19
       Punch             ||     1
 Cast: Blink             ||    11
  Use: Potion            ||     4
       Scroll            ||     4
 Stab: Sleeping          ||     2
Armor: Skin              ||     8
Dodge: Dodged            ||    40
